[Event "NED-ch U14 Girls 2019"]
[Site "Assen"]
[Date "2019.04.30"]
[Round "3.5"]
[White "Bogouslavskii, Veronique"]
[Black "Yeh, Nora"]
[Result "0-1"]
[ECO "C54"]
[WhiteElo "1247"]
[BlackElo "1529"]
[Annotator "NA"]
[PlyCount "160"]
[EventDate "2019.04.28"]
[EventType "swiss"]
[EventCountry "NED"]
[SourceTitle "playchess.com"]
[Source "ChessBase"]
[SourceQuality "1"]
[TimeControl "40/5400+30:1800+30"]

1. e4 e5 2. Nf3 Nc6 3. Bc4 Bc5 4. O-O Nf6 5. Re1 d6 6. c3 Bg4 7. d3 h6 8. Nbd2 O-O 9. a4 a5 10. b3 Nh7 11. Nf1 Qf6 12. Ne3 Bxf3 13. Qxf3 Qxf3 14. gxf3 Bxe3 15. Bxe3 Rad8 16. Kh1 Ne7 17. Rg1 g5 18. h4 Kg7 19. hxg5 hxg5 20. Bxg5 Nxg5 21. Rxg5+ Kf6 22. Rg3 Rh8+ 23. Kg2 Rdg8 24. Rh1 Rxh1 25. Kxh1 Rh8+ 26. Kg2 c6 27. d4 Ng6 28. Kf1 Nf4 29. Rg1 Rh2 30. Ke1 Nh3 31. Rf1 Ng5 32. Be2 Rh3 33. Kd1 Nxf3 34. Bxf3 Rxf3 35. Kd2 exd4 36. cxd4 Rxb3 37. Ra1 Rb4 38. Ke3 Rb3+ 39. Kd2 Ke6 40. Ra2 Rf3 41. Ke2 Rb3 42. Kd2 f5 43. exf5+ Kxf5 44. Ke2 Ke4 45. Kf1 Kxd4 46. f4 Ke4 47. Rf2 Kf5 48. Kg2 Rb4 49. Rd2 d5 50. Kg3 Rxf4 51. Rb2 Rxa4 52. Rxb7 Ra3+ 53. Kf2 d4 54. Rc7 Rc3 55. Ra7 Rc5 56. Ke2 Ke4 57. Re7+ Re5 58. Rc7 d3+ 59. Kd2 Rc5 60. Rd7 Rc2+ 61. Kd1 a4 62. Ra7 Ra2 63. Rc7 Ke3 64. Re7+ Kd4 65. Rd7+ Kc3 66. Ke1 d2+ 67. Ke2 Rb2 68. Rd6 c5 69. Ra6 Kc2 70. Rd6 Kc1 71. Ke3 d1=Q 72. Rxd1+ Kxd1 73. Kd3 a3 74. Kc3 c4 75. Kxc4 a2 76. Kc3 a1=Q 77. Kd3 Qa3+ 78. Kc4 Qa4+ 79. Kc5 Rb5+ 80. Kc6 Qa6+ 0-1

[Event "NED-ch U14 Girls 2019"]
[Site "Assen"]
[Date "2019.04.30"]
[Round "3.8"]
[White "Verheij, Dana"]
[Black "Jonkman Inza, Amelia Marry"]
[Result "0-1"]
[ECO "C10"]
[WhiteElo "1377"]
[BlackElo "1132"]
[Annotator "NA"]
[PlyCount "120"]
[EventDate "2019.04.28"]
[EventType "swiss"]
[EventCountry "NED"]
[SourceTitle "playchess.com"]
[Source "ChessBase"]
[SourceQuality "1"]
[TimeControl "40/5400+30:1800+30"]

1. e4 e6 2. d4 d5 3. Nd2 Nf6 4. Bd3 Be7 5. Ngf3 dxe4 6. Nxe4 c6 7. O-O Nbd7 8. c4 b6 9. Bf4 Nxe4 10. Bxe4 Bb7 11. Rc1 Nf6 12. Bb1 c5 13. Be5 Rc8 14. Bc2 O-O 15. Ng5 g6 16. h4 cxd4 17. h5 Rxc4 18. hxg6 hxg6 19. Qd3 Qd5 20. Qg3 Nh5 21. Qg4 Qxe5 22. Nf3 Bxf3 23. Qxf3 Rfc8 24. Rce1 Qf6 25. Qxf6 Bxf6 26. Bb3 R4c5 27. f4 d3 28. Rd1 Rd8 29. g4 Ng7 30. Kg2 Bxb2 31. Rf2 Bf6 32. Rfd2 Rc3 33. Kf3 e5 34. g5 Be7 35. fxe5 Bxg5 36. Rg2 d2+ 37. Ke2 Re3+ 38. Kf2 Rxe5 39. Rh2 Nh5 40. Kf1 Kg7 41. Rf2 f6 42. Rf3 Rde8 43. Kg2 Re2+ 44. Kh3 Nf4+ 45. Kg4 Rg2+ 46. Rg3 Rxg3+ 47. Kxg3 Nh5+ 48. Kf3 f5 49. Bc4 Kf6 50. Bb5 Re5 51. Bc4 b5 52. Bb3 a5 53. Rb1 Bf4 54. Rh1 Re3+ 55. Kf2 Ng3 56. Rh4 Kg5 57. Rh8 Re1 58. Rd8 Rf1+ 59. Kg2 a4 60. Bc2 Rc1 0-1

[Event "NED-ch U14 Girls 2019"]
[Site "Assen"]
[Date "2019.05.01"]
[Round "4.1"]
[White "Den Heijer, Rolinde"]
[Black "Huang, Wendy"]
[Result "1/2-1/2"]
[ECO "B90"]
[WhiteElo "1423"]
[BlackElo "1586"]
[Annotator "NA"]
[PlyCount "124"]
[EventDate "2019.04.28"]
[EventType "swiss"]
[EventCountry "NED"]
[SourceTitle "playchess.com"]
[Source "ChessBase"]
[SourceQuality "1"]
[TimeControl "40/5400+30:1800+30"]

1. e4 c5 2. Nf3 d6 3. d4 cxd4 4. Nxd4 Nf6 5. Nc3 a6 6. Be3 e5 7. Nb3 Be6 8. Qd2 Be7 9. f3 O-O 10. Be2 Qc7 11. g4 Nbd7 12. g5 Nh5 13. Nd5 Bxd5 14. exd5 Rac8 15. O-O-O b5 16. Na5 Nb6 17. Kb1 Nxd5 18. Nc4 Nhf4 19. Bxf4 Nxf4 20. Ne3 g6 21. h4 Kg7 22. Bf1 Qc5 23. Bh3 Rc7 24. Bg4 b4 25. Rh2 a5 26. Nd5 Nxd5 27. Qxd5 a4 28. Qxc5 Rxc5 29. Rhd2 Rd8 30. Rd5 h6 31. R5d2 hxg5 32. hxg5 d5 33. Re2 d4 34. f4 Bd6 35. f5 gxf5 36. Bxf5 Rh8 37. Rg1 Rh5 38. Reg2 Be7 39. Be4 Rh4 40. Re2 Rf4 41. Bd3 e4 42. Rxe4 Rxe4 43. Bxe4 Bxg5 44. Rf1 a3 45. Bd3 Re5 46. Rd1 f5 47. Bf1 f4 48. c3 dxc3 49. bxa3 bxa3 50. Kc2 Re3 51. Rd3 Rxd3 52. Bxd3 Bf6 53. Kb3 Bd4 54. Kc4 Be5 55. Kb3 Kf6 56. Kxa3 Bd4 57. Kb3 Ke5 58. a4 f3 59. a5 Kd6 60. a6 Kc7 61. a7 Kb7 62. Be4+ Kxa7 1/2-1/2

[Event "NED-ch U14 Girls 2019"]
[Site "Assen"]
[Date "2019.05.01"]
[Round "4.2"]
[White "Morote, Luna"]
[Black "Cordes, Jule"]
[Result "1/2-1/2"]
[ECO "C90"]
[WhiteElo "1360"]
[BlackElo "1564"]
[Annotator "NA"]
[PlyCount "61"]
[EventDate "2019.04.28"]
[EventType "swiss"]
[EventCountry "NED"]
[SourceTitle "playchess.com"]
[Source "ChessBase"]
[SourceQuality "1"]
[TimeControl "40/5400+30:1800+30"]

1. e4 e5 2. Nf3 Nc6 3. Bb5 a6 4. Ba4 Nf6 5. d3 b5 6. Bb3 Be7 7. c3 O-O 8. O-O d6 9. Nbd2 Na5 10. Bc2 c5 11. Re1 Nc6 12. Nf1 h6 13. Ng3 Re8 14. a4 Be6 15. d4 cxd4 16. cxd4 exd4 17. Nxd4 Nxd4 18. Qxd4 Rc8 19. Bd3 Bc4 20. axb5 axb5 21. Bd2 d5 22. Ba5 Bc5 23. Qc3 Bb6 24. Bxb6 Qxb6 25. Qd2 Qd4 26. Rad1 Qxd3 27. Qxd3 Bxd3 28. Rxd3 dxe4 29. Rde3 Rc2 30. b3 Rc6 31. f3 1/2-1/2

[Event "NED-ch U14 Girls 2019"]
[Site "Assen"]
[Date "2019.05.01"]
[Round "4.4"]
[White "Mensing, Luana"]
[Black "Yeh, Nora"]
[Result "1/2-1/2"]
[ECO "C46"]
[WhiteElo "1549"]
[BlackElo "1529"]
[Annotator "NA"]
[PlyCount "54"]
[EventDate "2019.04.28"]
[EventType "swiss"]
[EventCountry "NED"]
[SourceTitle "playchess.com"]
[Source "ChessBase"]
[SourceQuality "1"]
[TimeControl "40/5400+30:1800+30"]

1. e4 e5 2. Nf3 Nc6 3. Nc3 Bc5 4. d3 d6 5. Bg5 Nge7 6. Be2 Be6 7. O-O Qd7 8. Qd2 h6 9. Be3 Bxe3 10. Qxe3 Ng6 11. d4 exd4 12. Nxd4 Nxd4 13. Qxd4 O-O 14. Rad1 Nf4 15. Bf3 Bg4 16. Qe3 Bxf3 17. Qxf3 Ng6 18. Rfe1 Ne5 19. Qg3 Qg4 20. Qxg4 Nxg4 21. Nd5 Ne5 22. c3 Nc4 23. Nxc7 Rac8 24. Nd5 Rfe8 25. b3 Ne5 26. Re3 b5 27. h3 a5 1/2-1/2

[Event "NED-ch U14 Girls 2019"]
[Site "Assen"]
[Date "2019.05.01"]
[Round "4.5"]
[White "Velasco, Kathleen"]
[Black "Bruggink, Lyne"]
[Result "1-0"]
[ECO "C53"]
[WhiteElo "1306"]
[BlackElo "1425"]
[Annotator "NA"]
[PlyCount "93"]
[EventDate "2019.04.28"]
[EventType "swiss"]
[EventCountry "NED"]
[SourceTitle "playchess.com"]
[Source "ChessBase"]
[SourceQuality "1"]
[TimeControl "40/5400+30:1800+30"]

1. e4 e5 2. Nf3 Nc6 3. Bc4 Bc5 4. c3 f5 5. d4 exd4 6. cxd4 Bb4+ 7. Bd2 Bxd2+ 8. Nbxd2 fxe4 9. Qe2 d5 10. Bb5 Bg4 11. Bxc6+ bxc6 12. h3 Bh5 13. g4 Bg6 14. O-O Ne7 15. Ne5 O-O 16. f3 Qd6 17. fxe4 dxe4 18. Nb3 Rab8 19. Rad1 Nd5 20. Qc4 e3 21. Rde1 Rfd8 22. Qxc6 Bc2 23. Qxc2 Rf8 24. Qc5 Qe6 25. Qc6 Qxc6 26. Nxc6 Rxf1+ 27. Rxf1 Rb6 28. Ne5 e2 29. Re1 Nf4 30. Kf2 Rf6 31. Kg3 g5 32. Nc1 Rh6 33. Nxe2 Rxh3+ 34. Kf2 Rh2+ 35. Kf3 Rh3+ 36. Ng3 Rh2 37. Ne2 Rh3+ 38. Ke4 Ng2 39. Ng1 Rg3 40. Rc1 Re3+ 41. Kf5 Nf4 42. Ngf3 Re2 43. Rxc7 Rxb2 44. Nxg5 Ne2 45. Rc8+ Kg7 46. Ne6+ Kh6 47. Nf7# 1-0

[Event "NED-ch U14 Girls 2019"]
[Site "Assen"]
[Date "2019.05.01"]
[Round "4.6"]
[White "Jonkman Inza, Amelia Marry"]
[Black "Maris, Lauri"]
[Result "1-0"]
[ECO "D50"]
[WhiteElo "1132"]
[BlackElo "1265"]
[Annotator "NA"]
[PlyCount "123"]
[EventDate "2019.04.28"]
[EventType "swiss"]
[EventCountry "NED"]
[SourceTitle "playchess.com"]
[Source "ChessBase"]
[SourceQuality "1"]
[TimeControl "40/5400+30:1800+30"]

1. d4 d5 2. c4 e6 3. Nc3 Nf6 4. Nf3 c5 5. Bg5 cxd4 6. Nxd4 h6 7. Bxf6 gxf6 8. cxd5 exd5 9. g3 Nc6 10. Bg2 Be6 11. O-O h5 12. h4 f5 13. e3 Bg7 14. Nde2 Ne7 15. Rb1 Rc8 16. Qd2 b6 17. Rfd1 Bf6 18. Nxd5 Nxd5 19. Bxd5 Rg8 20. Kf1 Qe7 21. Nf4 Rd8 22. Bc6+ Kf8 23. Qc2 Bxa2 24. Rbc1 Be6 25. Nxh5 Rxd1+ 26. Rxd1 Rh8 27. Nxf6 Qxf6 28. Qc3 Qxc3 29. bxc3 Bc4+ 30. Ke1 Kg7 31. Rb1 Bd3 32. Rc1 Rd8 33. Rd1 Rc8 34. Rxd3 Rxc6 35. Kd2 a5 36. Rd4 Rc7 37. Rd5 a4 38. Rxf5 a3 39. Kc2 Ra7 40. Kb1 a2+ 41. Ka1 Ra3 42. Rb5 Rxc3 43. Rxb6 Rc2 44. Rb2 Rc6 45. Kxa2 Ra6+ 46. Kb3 Rb6+ 47. Kc3 Rc6+ 48. Kd2 Rd6+ 49. Ke2 Re6 50. f4 Re7 51. g4 Kh7 52. Kf3 Kg8 53. f5 Rc7 54. Kf4 Kg7 55. g5 Kh7 56. h5 Kg7 57. Rg2 Kh7 58. g6+ fxg6 59. hxg6+ Kg7 60. Rh2 Kg8 61. Rh7 Rc5 62. f6 1-0

[Event "NED-ch U14 Girls 2019"]
[Site "Assen"]
[Date "2019.05.02"]
[Round "5.1"]
[White "Huang, Wendy"]
[Black "Honkoop, Stella"]
[Result "1-0"]
[ECO "B92"]
[WhiteElo "1586"]
[BlackElo "1629"]
[Annotator "NA"]
[PlyCount "129"]
[EventDate "2019.04.28"]
[EventType "swiss"]
[EventCountry "NED"]
[SourceTitle "playchess.com"]
[Source "ChessBase"]
[SourceQuality "1"]
[TimeControl "40/5400+30:1800+30"]

1. e4 c5 2. Nf3 Nc6 3. d4 cxd4 4. Nxd4 Nf6 5. Nc3 d6 6. Be2 e5 7. Nb3 Be7 8. O-O O-O 9. Bg5 a6 10. a4 Be6 11. Bxf6 Bxf6 12. Nd5 Be7 13. c3 Bg5 14. Bc4 Ne7 15. Nc1 Rc8 16. Ba2 Rc5 17. Nd3 Rc8 18. Qe2 Nxd5 19. exd5 Bf5 20. Kh1 Qf6 21. Bb1 Qh6 22. Ne1 Bd7 23. Nf3 Bg4 24. Qd3 Bxf3 25. Qxf3 Rc4 26. g3 Re8 27. Re1 Rf8 28. Bd3 Rc7 29. Kg1 Be7 30. Rad1 Bg5 31. Re2 g6 32. Qg2 Re7 33. Rde1 Rc7 34. Rd1 f5 35. f3 Rcf7 36. Rde1 Kh8 37. Bc2 Kg8 38. Bd3 Kh8 39. Bc2 Rc7 40. Bd3 Rc5 41. c4 Rc7 42. b4 Qg7 43. Rc2 e4 44. Bf1 Qd4+ 45. Qf2 e3 46. Qe2 f4 47. Rd1 Qb6 48. Rb1 Rcf7 49. Kg2 a5 50. Rcb2 axb4 51. Rxb4 Qa7 52. Qb2+ Kg8 53. Be2 Rb8 54. Qb3 fxg3 55. hxg3 Bd8 56. Rb5 Kf8 57. Qc3 Kg8 58. a5 b6 59. Qxe3 Re7 60. Qd2 Rbb7 61. Ra1 bxa5 62. Bd3 Rxb5 63. cxb5 Qc5 64. Rc1 Qxd5 65. Bc4 1-0

[Event "NED-ch U14 Girls 2019"]
[Site "Assen"]
[Date "2019.05.02"]
[Round "5.2"]
[White "Cordes, Jule"]
[Black "Den Heijer, Rolinde"]
[Result "1-0"]
[ECO "D53"]
[WhiteElo "1564"]
[BlackElo "1423"]
[Annotator "NA"]
[PlyCount "103"]
[EventDate "2019.04.28"]
[EventType "swiss"]
[EventCountry "NED"]
[SourceTitle "playchess.com"]
[Source "ChessBase"]
[SourceQuality "1"]
[TimeControl "40/5400+30:1800+30"]

1. d4 Nf6 2. c4 e6 3. Nc3 d5 4. Nf3 b6 5. Bg5 Be7 6. cxd5 exd5 7. e3 Bg4 8. Qa4+ c6 9. Ne5 Bd7 10. Nxd7 Qxd7 11. h3 O-O 12. Bd3 Qc7 13. Rc1 Qd6 14. a3 Re8 15. O-O Ne4 16. Bf4 Qe6 17. Qc2 g6 18. Bxe4 dxe4 19. Nxe4 Rc8 20. Rfd1 Qd5 21. Qd3 Nd7 22. Rc3 Re8 23. Nd2 c5 24. Nf3 Nf6 25. dxc5 Qxd3 26. Rcxd3 Bxc5 27. Be5 Ne4 28. Bd4 Rac8 29. Nd2 Ng5 30. Bc3 Red8 31. Nb3 Rxd3 32. Rxd3 Bf8 33. Rd7 Ne4 34. Bd4 Bg7 35. f3 Bxd4 36. Nxd4 Nc5 37. Rxa7 Nd3 38. b3 Re8 39. e4 Rd8 40. Ne2 Rb8 41. Nc3 Nc5 42. b4 Ne6 43. Nd5 b5 44. Nc3 Nd4 45. Kf2 Kf8 46. Ke3 Nc6 47. Ra6 Ne5 48. Nd5 Rc8 49. Kf4 Nc6 50. Nb6 Nb8 51. Ra8 Re8 52. Rxb8 1-0

[Event "NED-ch U14 Girls 2019"]
[Site "Assen"]
[Date "2019.05.02"]
[Round "5.3"]
[White "Yeh, Nora"]
[Black "Morote, Luna"]
[Result "1/2-1/2"]
[ECO "E61"]
[WhiteElo "1529"]
[BlackElo "1360"]
[Annotator "NA"]
[PlyCount "100"]
[EventDate "2019.04.28"]
[EventType "swiss"]
[EventCountry "NED"]
[SourceTitle "playchess.com"]
[Source "ChessBase"]
[SourceQuality "1"]
[TimeControl "40/5400+30:1800+30"]

1. d4 Nf6 2. Nf3 g6 3. c4 Bg7 4. Nc3 O-O 5. Bg5 d6 6. e3 Nbd7 7. Bd3 Re8 8. O-O e5 9. dxe5 dxe5 10. e4 Nc5 11. Bc2 Qxd1 12. Raxd1 Bg4 13. Bxf6 Bxf6 14. Nd5 Bd8 15. b4 Bxf3 16. gxf3 Ne6 17. Ba4 c6 18. Ne3 Bc7 19. Ng4 Kg7 20. Rd2 Rad8 21. Rfd1 Rxd2 22. Rxd2 Rd8 23. Rxd8 Nxd8 24. Kf1 Ne6 25. Ne3 Nd4 26. Kg2 a6 27. Nc2 Nxc2 28. Bxc2 a5 29. a3 axb4 30. axb4 b6 31. Ba4 c5 32. bxc5 bxc5 33. Bd7 Bd8 34. Kg3 Bg5 35. h3 Kf8 36. Kg2 Bf4 37. Kf1 Ke7 38. Bc6 f6 39. Ke2 h6 40. Kd3 Kd6 41. Bd5 Kc7 42. Kc3 Kb6 43. Be6 g5 44. Kd3 h5 45. Bf7 h4 46. Be8 Ka5 47. Kc3 Bh2 48. Kd3 Kb4 49. Bb5 Bg1 50. Ke2 Kc3 1/2-1/2

[Event "NED-ch U14 Girls 2019"]
[Site "Assen"]
[Date "2019.05.02"]
[Round "5.6"]
[White "Molanus, Eva"]
[Black "Velasco, Kathleen"]
[Result "0-1"]
[ECO "D08"]
[WhiteElo "1258"]
[BlackElo "1306"]
[Annotator "NA"]
[PlyCount "86"]
[EventDate "2019.04.28"]
[EventType "swiss"]
[EventCountry "NED"]
[SourceTitle "playchess.com"]
[Source "ChessBase"]
[SourceQuality "1"]
[TimeControl "40/5400+30:1800+30"]

1. d4 d5 2. c4 e5 3. dxe5 d4 4. Nf3 Nc6 5. Bg5 Be7 6. Bxe7 Ngxe7 7. g3 Be6 8. Nbd2 Qd7 9. Bg2 O-O-O 10. O-O h6 11. Qc2 g5 12. a3 Ng6 13. Qa4 g4 14. Ne1 Ngxe5 15. b4 Kb8 16. Ne4 Ne7 17. Qxd7 Bxd7 18. Nc2 Bc6 19. Rfd1 Nf5 20. c5 Bb5 21. Rd2 Ba4 22. Rc1 d3 23. exd3 Rxd3 24. Bf1 Nf3+ 25. Kg2 Rxd2 26. Nxd2 Bxc2 27. Nxf3 Be4 28. Be2 Bxf3+ 29. Bxf3 gxf3+ 30. Kxf3 Rd8 31. Re1 Nd4+ 32. Kg2 Ne6 33. f4 Re8 34. Rd1 Kc8 35. a4 c6 36. f5 Ng5 37. h4 Ne4 38. Rd4 h5 39. Kf3 Nc3 40. a5 Nd5 41. Kg2 Re5 42. g4 hxg4 43. Rxg4 Ne3+ 0-1

[Event "NED-ch U14 Girls 2019"]
[Site "Assen"]
[Date "2019.05.02"]
[Round "5.7"]
[White "Verheij, Dana"]
[Black "Bruggink, Lyne"]
[Result "1-0"]
[ECO "C53"]
[WhiteElo "1377"]
[BlackElo "1425"]
[Annotator "NA"]
[PlyCount "39"]
[EventDate "2019.04.28"]
[EventType "swiss"]
[EventCountry "NED"]
[SourceTitle "playchess.com"]
[Source "ChessBase"]
[SourceQuality "1"]
[TimeControl "40/5400+30:1800+30"]

1. e4 e5 2. Nf3 Nc6 3. Bc4 Bc5 4. c3 f5 5. d4 exd4 6. cxd4 Bb4+ 7. Nc3 fxe4 8. Ne5 Nxe5 9. dxe5 Ne7 10. O-O Bxc3 11. bxc3 d5 12. exd6 cxd6 13. Bg5 Qd7 14. Bxe7 Qxe7 15. Re1 Bd7 16. Qd5 O-O-O 17. Rxe4 Qf6 18. Ba6 Bc6 19. Qxc6+ Kb8 20. Qxb7# 1-0

[Event "NED-ch U14 Girls 2019"]
[Site "Assen"]
[Date "2019.05.03"]
[Round "6.1"]
[White "Cordes, Jule"]
[Black "Huang, Wendy"]
[Result "1/2-1/2"]
[ECO "D31"]
[WhiteElo "1564"]
[BlackElo "1586"]
[Annotator "NA"]
[PlyCount "44"]
[EventDate "2019.04.28"]
[EventType "swiss"]
[EventCountry "NED"]
[SourceTitle "playchess.com"]
[Source "ChessBase"]
[SourceQuality "1"]
[TimeControl "40/5400+30:1800+30"]

1. d4 d5 2. c4 e6 3. Nc3 Be7 4. cxd5 exd5 5. Qc2 c6 6. Bf4 Nf6 7. h3 O-O 8. e3 b6 9. Bd3 Bb7 10. Nge2 c5 11. Qd1 Re8 12. O-O Nbd7 13. Qd2 Ne4 14. Nxe4 dxe4 15. Bc4 Nf6 16. Rfd1 Bd6 17. Bxd6 Qxd6 18. Rac1 cxd4 19. Qxd4 Qe7 20. Qc3 Red8 21. Nd4 Rac8 22. Qb3 g6 1/2-1/2

[Event "NED-ch U14 Girls 2019"]
[Site "Assen"]
[Date "2019.05.03"]
[Round "6.2"]
[White "Yeh, Nora"]
[Black "Den Heijer, Rolinde"]
[Result "0-1"]
[ECO "E12"]
[WhiteElo "1529"]
[BlackElo "1423"]
[Annotator "NA"]
[PlyCount "106"]
[EventDate "2019.04.28"]
[EventType "swiss"]
[EventCountry "NED"]
[SourceTitle "playchess.com"]
[Source "ChessBase"]
[SourceQuality "1"]
[TimeControl "40/5400+30:1800+30"]

1. d4 Nf6 2. Nf3 e6 3. c4 b6 4. Nc3 Bb7 5. Bg5 Be7 6. e3 O-O 7. Bd3 h6 8. Bxf6 Bxf6 9. O-O d6 10. Rc1 Nd7 11. e4 Ba6 12. Re1 Re8 13. e5 dxe5 14. dxe5 Bg5 15. Nxg5 Qxg5 16. Qe2 Nc5 17. Be4 Rad8 18. Rcd1 Nxe4 19. Qxe4 Rxd1 20. Rxd1 Rd8 21. Rxd8+ Qxd8 22. Qe2 Qd4 23. Nb5 Qc5 24. b3 Bxb5 25. cxb5 Qc1+ 26. Qf1 Qb2 27. g3 Qxe5 28. Qd1 Qd6 29. Qc1 Kf8 30. Qc6 Qxc6 31. bxc6 Ke7 32. b4 Kd6 33. b5 Kc5 34. Kf1 Kxb5 35. Ke2 Kxc6 36. Kd3 Kd5 37. f4 f6 38. a3 e5 39. fxe5 fxe5 40. h4 e4+ 41. Ke3 c5 42. g4 c4 43. Kd2 Kd4 44. g5 c3+ 45. Kd1 Kd3 46. gxh6 c2+ 47. Kc1 gxh6 48. h5 e3 49. a4 e2 50. Kb2 e1=Q 51. Kb3 Qc3+ 52. Ka2 Qc4+ 53. Kb2 c1=Q# 0-1

[Event "NED-ch U14 Girls 2019"]
[Site "Assen"]
[Date "2019.05.03"]
[Round "6.3"]
[White "Honkoop, Stella"]
[Black "Velasco, Kathleen"]
[Result "0-1"]
[ECO "D00"]
[WhiteElo "1629"]
[BlackElo "1306"]
[Annotator "NA"]
[PlyCount "56"]
[EventDate "2019.04.28"]
[EventType "swiss"]
[EventCountry "NED"]
[SourceTitle "playchess.com"]
[Source "ChessBase"]
[SourceQuality "1"]
[TimeControl "40/5400+30:1800+30"]

1. d4 d5 2. Bf4 Nf6 3. e3 Bf5 4. Nd2 e6 5. c3 Bd6 6. Bg3 O-O 7. Ngf3 c5 8. h4 Bxg3 9. fxg3 Nbd7 10. Qe2 Qc7 11. O-O-O Qxg3 12. dxc5 Nxc5 13. Qb5 Rfc8 14. Nb3 Qf2 15. Qe2 Nxb3+ 16. axb3 Qxe2 17. Bxe2 Ng4 18. Rd2 Nxe3 19. g3 Be4 20. Rg1 a5 21. Rd4 Nf5 22. Rdd1 a4 23. Nd2 Ne3 24. Rde1 axb3 25. Nxb3 Nc4 26. Bxc4 Rxc4 27. Kd1 Rc6 28. Nd2 Bd3 0-1

[Event "NED-ch U14 Girls 2019"]
[Site "Assen"]
[Date "2019.05.03"]
[Round "6.5"]
[White "Jonkman Inza, Amelia Marry"]
[Black "Mensing, Luana"]
[Result "1/2-1/2"]
[ECO "D52"]
[WhiteElo "1132"]
[BlackElo "1549"]
[Annotator "NA"]
[PlyCount "128"]
[EventDate "2019.04.28"]
[EventType "swiss"]
[EventCountry "NED"]
[SourceTitle "playchess.com"]
[Source "ChessBase"]
[SourceQuality "1"]
[TimeControl "40/5400+30:1800+30"]

1. d4 d5 2. c4 c6 3. Nc3 e6 4. Nf3 Nf6 5. Bg5 Nbd7 6. e3 Qa5 7. Nd2 Bb4 8. Qc2 dxc4 9. Bxf6 Nxf6 10. Nxc4 Bxc3+ 11. Qxc3 Qxc3+ 12. bxc3 b6 13. Bd3 O-O 14. O-O Ba6 15. Ne5 Bxd3 16. Nxd3 Rfd8 17. Ne5 Rac8 18. a4 c5 19. Rfc1 cxd4 20. cxd4 h6 21. Nc6 Rxc6 22. Rxc6 Rd7 23. Kf1 Nd5 24. Ke2 Kf8 25. Kd2 Ke7 26. a5 f5 27. axb6 axb6 28. Ke2 Rb7 29. Rb1 b5 30. Kd3 b4 31. Kc4 Kd7 32. Rc5 Nb6+ 33. Kb3 Nd5 34. Kc2 Ra7 35. Rb2 Rb7 36. Kd3 Kd6 37. f3 e5 38. Ra5 exd4 39. Kxd4 Nc3 40. Rxf5 Na4 41. Rb3 Nc3 42. Kc4 Na2 43. Ra5 Rc7+ 44. Kd4 Rc2 45. Ra6+ Ke7 46. Rg6 Kf7 47. Rg4 Kf6 48. e4 g5 49. Kd3 Rf2 50. Kc4 Rc2+ 51. Kb5 h5 52. Rg3 Re2 53. Rxb4 Nxb4 54. Kxb4 Ra2 55. Rh3 h4 56. g3 hxg3 57. hxg3 Rf2 58. g4 Ke5 59. Kc5 Kf4 60. Kd6 Rd2+ 61. Ke6 Re2 62. Rh5 Kxf3 63. Rxg5 Rxe4+ 64. Kf5 Rf4+ 1/2-1/2

[Event "NED-ch U14 Girls 2019"]
[Site "Assen"]
[Date "2019.05.03"]
[Round "6.6"]
[White "Verheij, Dana"]
[Black "Maris, Lauri"]
[Result "0-1"]
[ECO "C53"]
[WhiteElo "1377"]
[BlackElo "1265"]
[Annotator "NA"]
[PlyCount "82"]
[EventDate "2019.04.28"]
[EventType "swiss"]
[EventCountry "NED"]
[SourceTitle "playchess.com"]
[Source "ChessBase"]
[SourceQuality "1"]
[TimeControl "40/5400+30:1800+30"]

1. e4 e5 2. Nf3 Nc6 3. Bc4 Bc5 4. c3 d6 5. d4 Bb6 6. O-O Bg4 7. Be3 Nf6 8. Bd5 Nxd5 9. exd5 Ne7 10. h3 Bxf3 11. Qxf3 exd4 12. cxd4 O-O 13. Nc3 Ng6 14. Rad1 Qd7 15. Kh2 Rfe8 16. g4 Qe7 17. g5 Ba5 18. Ne2 Qe4 19. Qg3 Qxd5 20. Nf4 Nxf4 21. Qxf4 Re4 22. Qg3 Bb6 23. h4 Bxd4 24. Bxd4 Rxd4 25. Rxd4 Qxd4 26. h5 Qe5 27. f4 Qe2+ 28. Rf2 Qxh5+ 29. Kg1 Re8 30. f5 Re1+ 31. Rf1 Rxf1+ 32. Kxf1 Qd1+ 33. Kg2 Qd5+ 34. Kg1 Qxf5 35. Qg2 Qc5+ 36. Kh2 Qc6 37. Qf2 Qc5 38. Qg2 c6 39. Qd2 Qe5+ 40. Kh3 Qd5 41. Qe3 Qe6+ 0-1

[Event "NED-ch U14 Girls 2019"]
[Site "Assen"]
[Date "2019.05.04"]
[Round "7.1"]
[White "Huang, Wendy"]
[Black "Morote, Luna"]
[Result "1-0"]
[ECO "B93"]
[WhiteElo "1586"]
[BlackElo "1360"]
[Annotator "NA RC"]
[PlyCount "81"]
[EventDate "2019.04.28"]
[EventType "swiss"]
[EventCountry "NED"]
[SourceTitle "playchess.com"]
[Source "ChessBase"]
[SourceQuality "1"]
[TimeControl "40/5400+30:1800+30"]

1. e4 c5 2. Nf3 d6 3. d4 cxd4 4. Nxd4 Nf6 5. Nc3 a6 6. f4 e5 7. Nf3 Nbd7 8. a4 Be7 9. Bc4 O-O 10. O-O exf4 11. Bxf4 Qc7 12. Ba2 Ne5 13. Qd4 Nc6 14. Qd2 Ne5 15. Kh1 Rd8 16. Nd4 Nc4 17. Bxc4 Qxc4 18. Nf5 Bxf5 19. exf5 Rac8 20. Rae1 Rd7 21. Rf2 h6 22. Rfe2 Bf8 23. h3 Rc5 24. g4 d5 25. Be5 d4 26. Bxf6 gxf6 27. Re8 Rc8 28. Ne4 Kg7 29. Ng3 Qc6+ 30. Qg2 Rxe8 31. Nh5+ Kg8 32. Rxe8 Qd6 33. Qd2 d3 34. cxd3 Qc6+ 35. Kg1 Qb6+ 36. Kf1 Qc6 37. Kf2 Qb6+ 38. Ke2 Re7+ 39. Rxe7 Bxe7 40. Qxh6 Qxb2+ 41. Kf3 1-0

[Event "NED-ch U14 Girls 2019"]
[Site "Assen"]
[Date "2019.05.04"]
[Round "7.2"]
[White "Den Heijer, Rolinde"]
[Black "Honkoop, Stella"]
[Result "0-1"]
[ECO "B56"]
[WhiteElo "1423"]
[BlackElo "1629"]
[Annotator "NA RC"]
[PlyCount "106"]
[EventDate "2019.04.28"]
[EventType "swiss"]
[EventCountry "NED"]
[SourceTitle "playchess.com"]
[Source "ChessBase"]
[SourceQuality "1"]
[TimeControl "40/5400+30:1800+30"]

1. e4 c5 2. Nf3 Nc6 3. d4 cxd4 4. Nxd4 Nf6 5. Nc3 d6 6. Be3 e5 7. Nb3 Be7 8. f3 Be6 9. Qd2 a6 10. Nd5 Bxd5 11. exd5 Nb8 12. O-O-O b5 13. Na5 O-O 14. b4 Qc8 15. Kb1 Bd8 16. Nc6 Nxc6 17. dxc6 Qxc6 18. Qxd6 Qxd6 19. Rxd6 Be7 20. Rc6 Bxb4 21. Bg5 Nd5 22. Kb2 Rfc8 23. Rxc8+ Rxc8 24. Bd3 Bc3+ 25. Kb3 Bd4 26. Bd2 Nc3 27. Re1 a5 28. Be3 a4+ 29. Ka3 Bxe3 30. Rxe3 b4+ 31. Kxb4 Nd5+ 32. Kxa4 Nxe3 33. Kb3 Nxg2 34. c4 Nf4 35. Bc2 Ne6 36. Kb4 Rb8+ 37. Kc3 Nc5 38. Bd1 g5 39. h3 h6 40. Bc2 Kg7 41. Bf5 Kf6 42. Bc2 Ke6 43. Bb3 f5 44. Bc2 h5 45. Bd1 e4 46. fxe4 Nxe4+ 47. Kc2 g4 48. hxg4 hxg4 49. Be2 g3 50. Bf3 Ke5 51. Kd3 Rd8+ 52. Ke3 f4+ 53. Ke2 Rd2+ 0-1

[Event "NED-ch U14 Girls 2019"]
[Site "Assen"]
[Date "2019.05.04"]
[Round "7.3"]
[White "Velasco, Kathleen"]
[Black "Cordes, Jule"]
[Result "1-0"]
[ECO "C54"]
[WhiteElo "1306"]
[BlackElo "1564"]
[Annotator "NA RC"]
[PlyCount "44"]
[EventDate "2019.04.28"]
[EventType "swiss"]
[EventCountry "NED"]
[SourceTitle "playchess.com"]
[Source "ChessBase"]
[SourceQuality "1"]
[TimeControl "40/5400+30:1800+30"]

1. e4 e5 2. Nf3 Nc6 3. Bc4 Bc5 4. c3 Nf6 5. d4 exd4 6. cxd4 Bb4+ 7. Nc3 Nxe4 8. O-O Bxc3 9. bxc3 d5 10. Re1 O-O 11. Bd3 Re8 12. Qc2 Nf6 13. Bg5 Rxe1+ 14. Rxe1 g6 15. Qe2 Bd7 16. Ne5 Be6 17. Qf3 Kg7 18. Bb5 Bf5 19. g4 Bc8 20. Bh6+ Kg8 21. g5 Nxe5 22. Rxe5 Bd7 1-0